[Event "*** Titled Tuesday Blitz"]
[Site "Chess.com"]
[Date "2020.10.27"]
[Round "8"]
[White "oogee"]
[Black "Nemsko"]
[Result "1-0"]
[WhiteElo "2207"]
[BlackElo "2324"]
[TimeControl "180+1"]
[EndTime "11:29:55 PDT"]
[Termination "oogee won by resignation"]

1. d4 Nf6 2. c4 e6 3. Nf3 b6 4. a3 Bb7 5. Nc3 Be7 6. d5 d6 7. e4 e5 8. Be2 a5 9. O-O Na6 10.
Be3 Nc5 11. Nd2 Qd7 12. b4 axb4 13. axb4 Rxa1 14. Qxa1 Na6 15. Rb1 O-O 16. f3 Ra8 17.
Qb2 Nh5 18. g3 g6 19. Qb3 Ng7 20. c5 dxc5 21. Bb5 Qd8 22. Nc4 Bd6 23. bxc5 Bxc5 24. Ne2 Bxe3+ 25. Qxe3 f6 26. f4 exf4 27. gxf4 Nc5 28. Rd1 Qe7 29. Ng3 Ne8 30. e5 fxe5 31. fxe5 Rd8 32. Qf3 Qf8 33. Qg2 Ng7 34. Rf1 Qe7 35.
e6 Bxd5 36. Qf2 Bxe6 37. Ne5 Rf8 38. Qe2 Rxf1+ 39. Qxf1 Qf8 40. Qe2 Qe7 41. Nc6 Qd6 42. Ne4 Qd5 43. Nf6+ Kf7 44. Nxd5 Bxd5 45. Qe7+ Kg8 46.
Ne5 Nf5 47. Qe8+ Kg7 48. Bc6 Bxc6 49. Nxc6 b5 50. Qd8 Ne6 51. Qd7+ Kf6 52. Nd8 Nxd8 53. Qxd8+ Ke5 54. Qxc7+ Kd5 55. Qxh7 b4 56. Qxg6 Kc4 57. Qxf5 b3 58. Qb1 Kc3 59. h4 1-0

[Event "*** Titled Tuesday Blitz"]
[Site "Chess.com"]
[Date "2020.10.27"]
[Round "8"]
[White "vladislavkovalev"]
[Black "Firouzja2003"]
[Result "0-1"]
[WhiteElo "2844"]
[BlackElo "3069"]
[TimeControl "180+1"]
[EndTime "11:29:56 PDT"]
[Termination "Firouzja2003 won on time"]

1. e4 b6 2. d4 Bb7 3. Bd3 e6 4. Qe2 g6 5. Nf3 Bg7 6. c3 d6 7.
a4 a5 8. Bg5 Ne7 9. Na3 Nd7 10.
Nb5 h6 11. Bh4 Rc8 12. O-O O-O 13. Rfe1 g5 14. Bg3 Ng6 15. e5 Bxf3 16. Qxf3 dxe5 17. Bxg6 fxg6 18. Qc6 Qe7 19. Rad1 Rf7 20. Na7 Rcf8 21. Qxc7 h5 22. Nc6 Qe8 23. Qd6 h4 24. Bxe5 Nxe5 25. Nxe5 Rxf2 26. Nd3 R2f6 27. Qxb6 Qxa4 28. Qc5 Rf5 29.
Qd6 h3 30. Qxe6+ Kh7 31. Qe2 hxg2 32. Qxg2 Rf3 33. Rd2 Bxd4+ 34. cxd4 Qxd4+ 35. Kh1 Rxd3 36. Qxg5 Rf7 37. Rg2 Qd6 38. Reg1 Rf6 39. Qh4+ Kg7 40. Qg4 Rd5 41. Qe4 Rh5 42. Qe2 Rh6 43. Qe1 Rh8 44.
Qxa5 Rhf8 45. Qg5 R8f7 46. Qg3 Qc6 47. Qh4 Re6 48. Qh5 Qxg2+ 0-1

[Event "*** Titled Tuesday Blitz"]
[Site "Chess.com"]
[Date "2020.10.27"]
[Round "8"]
[White "GMJustin"]
[Black "ChessAurochs"]
[Result "1-0"]
[WhiteElo "2337"]
[BlackElo "2544"]
[TimeControl "180+1"]
[EndTime "11:29:58 PDT"]
[Termination "GMJustin won by checkmate"]

1. e4 e5 2. f4 exf4 3. Qf3 Ne7 4.
d4 Ng6 5. Bxf4 Nc6 6. Be3 Be7 7.
Bc4 O-O 8. Nd2 d6 9. Ne2 Nge5 10. dxe5 Nxe5 11. Qf1 Nxc4 12. Nxc4 f5 13. e5 d5 14. O-O-O c6 15. Nd6 f4 16. Bd4 Bg4 17. h3 Bh5 18. Kb1 Bxd6 19. exd6 Qxd6 20. Qf2 Rfe8 21. Rde1 Re4 22. Nc3 Rxe1+ 23. Rxe1 b6 24. Be5 Qd7 25. Qxf4 Re8 26. Rf1 Bg6 27. Bd4 c5 28. Bf2 d4 29.
Nd1 Re2 30. Bxd4 Bxc2+ 31. Ka1 Qe8 32. Bc3 Bxd1 33. Rxd1 Rxg2 34. Qc4+ Kh8 35. Qd5 Rg6 36. Qd8 Re6 37. Qxe8+ Rxe8 38. a3 Kg8 39. Rd7 Ra8 40. Rxg7+ Kf8 41. Rxh7 Re8 42. Rh8+ Ke7 43. Rxe8+ Kxe8 44. h4 Kf7 45. a4 Kg6 46. Ka2 a6 47. Kb3 b5 48. axb5 axb5 49. Be5 Kh5 50. Bd6 Kxh4 51. Bxc5 Kg5 52. Kb4 Kf5 53. Kxb5 Ke5 54. b4 Ke4 55. Ka6 Kd3 56. Bf8 Kc2 57. b5 Kb1 58. b6 Ka2 59. b7 Kb1 60. b8=Q+ Ka2 61. Qb4 Ka1 62. Bg7+ Ka2 63. Qb2# 1-0

[Event "*** Titled Tuesday Blitz"]
[Site "Chess.com"]
[Date "2020.10.27"]
[Round "8"]
[White "emiliochess"]
[Black "Natalya_Buksa"]
[Result "0-1"]
[WhiteElo "2338"]
[BlackElo "2550"]
[TimeControl "180+1"]
[EndTime "11:29:59 PDT"]
[Termination "Natalya_Buksa won by checkmate"]

1. d4 d5 2. Bf4 Nf6 3. e3 g6 4. Nf3 Bg7 5. Be2 O-O 6. O-O c5 7. c3 Nc6 8. h3 Nd7 9. Bh2 b6 10. a4 Bb7 11. Qb3 Qc8 12. Na3 c4 13. Qc2 a6 14. b3 cxb3 15. Qxb3 Na5 16. Qb4 Re8 17. Rac1 e6 18. c4 Bf8 19. Qb2 Bxa3 20. Qxa3 Nxc4 21. Bxc4 dxc4 22. Qb4 Bxf3 23. gxf3 Qc6 24.
e4 Rac8 25. Rc3 e5 26. Rfc1 b5 27. axb5 axb5 28. dxe5 Nxe5 29. Rb1 Rb8 30. Bxe5 Rxe5 31. Rxc4 Qf6 32. Rc3 Rh5 33. Kf1 Rxh3 34. Ke2 Rd8 35. Rbc1 Rh2 36. Rc8 Rh5 37. Qa5 Rxc8 38. Rxc8+ Kg7 39. Qb4 Kh6 40. Qf8+ Kg5 41. Rc5+ Kh4 42. Qc8 Qf4 43. Qd8+ Kh3 44. Qd7+ Kg2 45. Rxb5 Rxb5 46. Qxb5 h5 47. Qb1 Qxf3+ 48. Kd2 Qxf2+ 49. Kd3 Qf1+ 50.
Qxf1+ Kxf1 51. Ke3 Kg2 52. Kf4 h4 53. Kg5 h3 54.
Kf6 h2 55. Kxf7 h1=Q 56. e5 Kg3 57. e6 Qe4 58. e7 g5 59. e8=Q Qxe8+ 60. Kxe8 g4 61.
Kf7 Kf3 62. Kg6 g3 63. Kg5 g2 64. Kh4 g1=Q 65. Kh3 Qh1# 0-1

[Event "*** Titled Tuesday Blitz"]
[Site "Chess.com"]
[Date "2020.10.27"]
[Round "8"]
[White "DenisQ"]
[Black "Arfan48"]
[Result "1-0"]
[WhiteElo "2638"]
[BlackElo "2436"]
[TimeControl "180+1"]
[EndTime "11:30:00 PDT"]
[Termination "DenisQ won by checkmate"]

1. Nf3 Nf6 2. g3 g6 3. Bg2 Bg7 4. O-O O-O 5. c4 d6 6. Nc3 Nc6 7. Rb1 e5 8. b4 Be6 9. b5 Ne7 10. d4 exd4 11. Nxd4 Bxc4 12. Bxb7 Rb8 13. Bf3 a6 14. Qa4 axb5 15. Ncxb5 Bd5 16. Bg5 Bxf3 17.
Nxf3 Qd7 18. Rfc1 Ra8 19. Qc2 c6 20. Nc3 h6 21. Bd2 Rfc8 22. a4 d5 23. e3 Nf5 24.
Ne2 Ne4 25. Be1 Nfd6 26. Rd1 Qa7 27. a5 Nc4 28. Ned4 Nxa5 29. Ra1 Qc7 30. Rxa5 Rxa5 31. Bxa5 Qxa5 32. Nxc6 Qc7 33. Ne7+ Qxe7 34. Qxc8+ Kh7 35. Rxd5 Qa3 36. Qc2 Qe7 37. h4 Nf6 38. Rd4 Qb7 39. Qe2 Qe7 40. Qd3 Nh5 41. Re4 Qf6 42. Kg2 Qc6 43. Qc4 Qb7 44. Qb4 Qd7 45. Qc4 Nf6 46. Rf4 Qc7 47. Qxc7 Nd5 48. Qxf7 Nxf4+ 49. exf4 g5 50. Ne5 Kh8 51. Ng6+ Kh7 52. Ne7 Kh8 53. Qg8# 1-0

[Event "*** Titled Tuesday Blitz"]
[Site "Chess.com"]
[Date "2020.10.27"]
[Round "8"]
[White "Dream2World_Number1"]
[Black "PowerThinking2650"]
[Result "1-0"]
[WhiteElo "2137"]
[BlackElo "2381"]
[TimeControl "180+1"]
[EndTime "11:30:00 PDT"]
[Termination "Dream2World_Number1 won by checkmate"]

1. e4 e5 2. Nf3 Nc6 3. Bb5 a6 4.
Ba4 Nf6 5. O-O Be7 6. Re1 b5 7. Bb3 d6 8. c3 O-O 9. a4 Bd7 10.
d4 h6 11. h3 Re8 12. Nbd2 Bf8 13. dxe5 Nxe5 14. Nxe5 dxe5 15. Nf3 c5 16. Be3 c4 17. Bc2 Qc7 18. a5 Bc6 19. Bb6 Qb7 20. Qe2 Nh5 21. g3 g6 22. Rad1 Re6 23. b3 Rc8 24. bxc4 bxc4 25. Qe3 Rce8 26. Bb1 Qc8 27. Kh2 Rf6 28. Ba2 Bd7 29. Bxc4 Bxh3 30. Bxa6 Qg4 31. Ng1 Nf4 32. Be2 Nxe2 33. Qxe2 Qxe2 34. Nxe2 Bg4 35. Ra1 Rc8 36. Kg1 Bf3 37. Nc1 Rxc3 38. Be3 Ra6 39. Ne2 Rc4 40.
Bd2 Rxe4 41. Nc1 Rxe1+ 42. Bxe1 Bc5 43. Nd3 Bd4 44. Rc1 Be2 45. Rc8+ Kg7 46. Nc5 Ra7 47. Bb4 h5 48. Ne4 Bf3 49. Bf8+ Kh7 50. Nf6+ Kh8 51. Bh6# 1-0

[Event "*** Titled Tuesday Blitz"]
[Site "Chess.com"]
[Date "2020.10.27"]
[Round "8"]
[White "Quiet_Desperation"]
[Black "Samantha_Ross"]
[Result "1-0"]
[WhiteElo "2040"]
[BlackElo "2296"]
[TimeControl "180+1"]
[EndTime "11:30:00 PDT"]
[Termination "Quiet_Desperation won by checkmate"]

1. e4 c5 2. Nf3 d6 3. d4 cxd4 4.
Nxd4 Nf6 5. Nc3 g6 6. Be3 Bg7 7. Bc4 O-O 8. f3 Nc6 9. Qd2 Bd7 10.
O-O-O Rb8 11. h4 Na5 12. Bb3 b5 13. h5 Nc4 14. Qe2 Nxe3 15. Qxe3 a5 16. a3 a4 17. Ba2 b4 18. axb4 Rxb4 19. hxg6 hxg6 20. g4 Qb6 21. g5 Nh5 22. Rxh5 Bxd4 23. Rxd4 Qxd4 24. Qxd4 Rxd4 25. Rh1 Rc8 26. Nd5 Kg7 27. c3 Rd3 28. Rf1 Be6 29. Kc2 Bxd5 30. Bxd5 Rxd5 31. exd5 Rc5 32. Rd1 Rc4 33. Rd4 Rxd4 34. cxd4 f6 35. f4 Kf7 36. Kc3 fxg5 37. fxg5 e6 38. dxe6+ Kxe6 39. Kb4 Kd5 40. Kxa4 Kxd4 41. b4 d5 42. Ka5 Ke5 43. b5 Kd6 44.
Ka6 Kd7 45. b6 d4 46. b7 d3 47. b8=Q d2 48. Qb1 Ke6 49. Qd1 Kf5 50. Qxd2 Kg4 51.
Kb7 Kh5 52. Kc7 Kg4 53. Kd7 Kh5 54. Ke7 Kg4 55. Kf7 Kh5 56. Qe3 Kg4 57. Kxg6 Kh4 58.
Kf6 Kg4 59. g6 Kh5 60. g7 Kh4 61. g8=Q Kh5 62. Qgg5# 1-0

[Event "*** Titled Tuesday Blitz"]
[Site "Chess.com"]
[Date "2020.10.27"]
[Round "8"]
[White "shineatchess"]
[Black "ShcufNaiRolf"]
[Result "1/2-1/2"]
[WhiteElo "2188"]
[BlackElo "2326"]
[TimeControl "180+1"]
[EndTime "11:30:01 PDT"]
[Termination "Game drawn - insufficient material"]

1. e4 c5 2. Nf3 Nc6 3. Bb5 g6 4.
Bxc6 dxc6 5. d3 Bg7 6. h3 Nf6 7. Nc3 O-O 8. Be3 b6 9. Qd2 e5 10. O-O Qd6 11. Nh2 Ne8 12. f4 exf4 13. Bxf4 Qe7 14.
Bh6 Nc7 15. Bxg7 Kxg7 16. Ng4 Bxg4 17. hxg4 Ne6 18. Qf2 Qg5 19. Qe2 Nd4 20. Qd1 Rh8 21. Ne2 Qxg4 22. Nxd4 Qxd1 23. Nf5+ gxf5 24. Raxd1 fxe4 25.
dxe4 Rad8 26. Kf2 Rhe8 27. Ke3 Rxd1 28. Rxd1 f5 29. Rd7+ Kg6 30. Rxa7 Rxe4+ 31. Kf3 Rb4 32. b3 c4 33. Rc7 cxb3 34. Rxc6+ Kg5 35. cxb3 h5 36. g3 h4 37. gxh4+ Kxh4 38. Rc4+ Rxc4 39. bxc4 Kg5 40. a4 Kf6 41. Kf4 Ke6 42. Kf3 Ke5 43.
c5 bxc5 44. a5 Kd6 45. a6 Kc7 46. Kf4 c4 47. Ke3 Kb6 48. Kd4 Kxa6 49. Kxc4 Kb6 50. Kd5 Kb5 51. Ke5 Kc5 52. Kxf5 1/2-1/2

[Event "*** Titled Tuesday Blitz"]
[Site "Chess.com"]
[Date "2020.10.27"]
[Round "8"]
[White "Fischerev7"]
[Black "silverback96"]
[Result "1-0"]
[WhiteElo "2420"]
[BlackElo "2235"]
[TimeControl "180+1"]
[EndTime "11:30:06 PDT"]
[Termination "Fischerev7 won on time"]

1. e4 e6 2. d4 d5 3. Nc3 Bb4 4.
e5 Qd7 5. Qg4 f5 6. Qg3 b6 7.
Bd2 Ba6 8. Bxa6 Nxa6 9. Nge2 Nh6 10.
h4 g6 11. h5 Qg7 12. hxg6 hxg6 13. Nf4 Ng4 14. O-O-O Kf7 15. f3 Nh6 16. Rh3 Rh7 17. Rdh1 Rah8 18. Qh2 Bf8 19. Nb5 c5 20. c3 Nb8 21. Kb1 a6 22. Nd6+ Bxd6 23. exd6 Nd7 24. Nd3 Kg8 25. Ne5 Nxe5 26. dxe5 Nf7 27. Qg3 Rxh3 28. Rxh3 Rxh3 29. gxh3 Nxe5 30. Bf4 Nd7 31. h4 Kf7 32. Qg5 e5 33. Bc1 Qf6 34. Qh6 Ke6 35.
h5 gxh5 36. Qxh5 Kxd6 37. Qe8 Qf8 38. Qg6+ Qf6 39. Qe8 Qf8 40. Qg6+ Kc7 41. a3 Qf6 42. Qe8 Qf8 43. Qe6 a5 44. Qxd5 Qd6 45. Qc4 Qc6 46. Qd3 Nf6 47. Qxf5 Nd5 48. Qxe5+ Kb7 49. f4 1-0

[Event "*** Titled Tuesday Blitz"]
[Site "Chess.com"]
[Date "2020.10.27"]
[Round "8"]
[White "niki_2003"]
[Black "MarkEvgenievich"]
[Result "0-1"]
[WhiteElo "1903"]
[BlackElo "2318"]
[TimeControl "180+1"]
[EndTime "11:30:06 PDT"]
[Termination "MarkEvgenievich won by resignation"]

1. d4 Nf6 2. c4 c5 3. d5 b5 4. Qc2 e6 5. e4 bxc4 6. Bxc4 exd5 7. exd5 d6 8. Nc3 Be7 9. Nf3 O-O 10. O-O Bg4 11.
Nd2 Nbd7 12. h3 Bh5 13. Bd3 Ne5 14. Nc4 Nxc4 15. Bxc4 Bg6 16. Bd3 Bxd3 17. Qxd3 Nd7 18. f4 Bf6 19. Be3 Rb8 20. Nb5 Qb6 21. a4 a6 22. Na3 Qxb2 23. Nc4 Qb3 24. Rad1 Qxa4 25. Nxd6 Rb3 26. Qc2 Qb4 27. Bf2 Rb2 28. Qe4 Rb8 29. Rde1 h6 30. Nc4 Rb3 31. Ne5 Qxe4 32. Rxe4 Nb6 33. Bxc5 Nxd5 34. Nd7 Rd8 35. Nxf6+ Nxf6 36. Be7 Rd2 37. Bxf6 gxf6 38. Rf3 Rxf3 39. gxf3 Ra2 40. Re8+ Kg7 41. Ra8 a5 42. Kf1 Kg6 43. Ke1 Kf5 44.
Kd1 Kxf4 45. Kc1 Kxf3 46. Kb1 Ra4 47. Rf8 Kg3 48. Rxf7 h5 49. Rxf6 Kxh3 50. Rh6 h4 51. Rc6 Kg3 52. Rc3+ Kg4 53. Rc8 h3 54. Rg8+ Kf3 55.
Rf8+ Kg3 56. Rg8+ Rg4 57. Ra8 h2 58. Rxa5 h1=Q+ 0-1

[Event "*** Titled Tuesday Blitz"]
[Site "Chess.com"]
[Date "2020.10.27"]
[Round "8"]
[White "TST2014"]
[Black "ural58"]
[Result "0-1"]
[WhiteElo "2469"]
[BlackElo "2353"]
[TimeControl "180+1"]
[EndTime "11:30:07 PDT"]
[Termination "ural58 won on time"]

1. d4 d5 2. c4 e5 3. dxe5 d4 4.
Nf3 Nc6 5. a3 g6 6. e3 Bg4 7.
Be2 Bxf3 8. Bxf3 Nge7 9. O-O Bg7 10. exd4 Qxd4 11. Qxd4 Nxd4 12. Bxb7 Ne2+ 13. Kh1 Rb8 14. Bf3 Nxc1 15. Rxc1 Rxb2 16. Re1 Rxf2 17. Nc3 O-O 18. Nb5 Nf5 19. Nxa7 Nd4 20. Rf1 Rc2 21. Nc6 Nxc6 22. Bxc6 Rxc4 23. Rac1 Rxc1 24. Rxc1 Bxe5 25. a4 Bb2 26.
Rc2 Rd8 27. g3 Rd1+ 28. Kg2 Bd4 29. Rc4 Bb6 30. h4 h5 31. Kf3 f5 32. Ke2 Ra1 33.
Bb5 Kf7 34. Rc6 Ra3 35. Bc4+ Kg7 36. Bd3 Rxa4 37. Re6 Kf7 38. Rc6 Rg4 39. Kf3 Ke7 40. Bc4 Kd7 41. Bb5 Kc8 42. Rc4 Kb7 43. Bc6+ Ka6 44.
Rxg4 fxg4+ 45. Kf4 Bc5 46. Be8 Bd6+ 47. Ke4 Bxg3 48.
Bxg6 Bxh4 49. Bxh5 g3 50. Bf3 Kb5 51. Kd5 c5 52. Be2+ Kb4 53. Bf1 c4 54. Ke4 c3 55.
Kf3 c2 56. Kg4 c1=Q 57. Kxh4 Qxf1 0-1

[Event "*** Titled Tuesday Blitz"]
[Site "Chess.com"]
[Date "2020.10.27"]
[Round "8"]
[White "Funo09"]
[Black "TigrVShlyape"]
[Result "1-0"]
[WhiteElo "2821"]
[BlackElo "2886"]
[TimeControl "180+1"]
[EndTime "11:30:08 PDT"]
[Termination "Funo09 won on time"]

1. e4 e5 2. Nf3 Nc6 3. Bb5 a6 4. Ba4 Nf6 5. O-O Be7 6. Re1 b5 7. Bb3 d6 8. c3 O-O 9. d4 Bg4 10. Be3 Bh5 11. h3 Qc8 12. Nbd2 Re8 13. Nf1 Na5 14.
Ng3 Nxb3 15. axb3 Bg6 16. dxe5 Nxe4 17. Bf4 Nxg3 18. Bxg3 dxe5 19. Nxe5 Bf5 20. Qf3 Be6 21. Nc6 Bf8 22. b4 f6 23. Nd4 Bf7 24. Rxe8 Qxe8 25. Bxc7 Qc8 26. Bg3 Ra7 27. Nxb5 Rd7 28. Nd4 Bxb4 29.
Qc6 Qxc6 30. Nxc6 Bf8 31. Rxa6 Rd1+ 32. Kh2 Bc4 33. Ra7 h5 34. Nd4 Rd2 35. b4 Bd5 36. Rd7 Be4 37. f3 Bb1 38. b5 Rb2 39. c4 g5 40. Bd6 Bxd6+ 41. Rxd6 Kf7 42. b6 Bd3 43. c5 Bf1 44. c6 Bxg2 45. Kg1 Bxh3 46. b7 g4 47.
fxg4 hxg4 48. Ne2 g3 49. Nxg3 Bg4 50. Rd8 Bf3 51. b8=Q Rxb8 52. Rxb8 Bxc6 53. Kf2 Ke6 54. Ne2 Ke5 55. Ke3 1-0

[Event "*** Titled Tuesday Blitz"]
[Site "Chess.com"]
[Date "2020.10.27"]
[Round "8"]
[White "druskacik"]
[Black "wannabe2700"]
[Result "0-1"]
[WhiteElo "2611"]
[BlackElo "2745"]
[TimeControl "180+1"]
[EndTime "11:30:09 PDT"]
[Termination "wannabe2700 won on time"]

1. d4 Nf6 2. Nf3 g6 3. g3 Bg7 4. Bg2 O-O 5. O-O d6 6. a4 a5 7. Nc3 Nc6 8. e4 Bg4 9. h3 Bxf3 10. Bxf3 e5 11. Nb5 Re8 12. d5 Nd4 13. Bg2 c6 14. dxc6 bxc6 15. Nc3 Nd7 16. Ne2 Nc5 17. c3 Nxe2+ 18.
Qxe2 Nb3 19. Ra3 Nxc1 20. Rxc1 Qb6 21. Ra2 Rab8 22. Qc4 Qb3 23. Qxb3 Rxb3 24. Rd1 Bf8 25. Bf1 Kg7 26. Bc4 Rb7 27. b3 f5 28. f3 Kf6 29.
Kg2 Rd8 30. Rad2 Ke7 31. Rd3 Bh6 32. Re1 Rbd7 33. Red1 Kf6 34. Kf2 Bg7 35. Ke2 Bf8 36.
Ba6 Be7 37. Bc4 h5 38. h4 f4 39.
gxf4 exf4 40. Rg1 Kg7 41. Rh1 Bf6 42. Kd2 d5 43. exd5 cxd5 44. Bb5 Re7 45. Rh2 d4 46.
cxd4 Rxd4 47. Rxd4 Bxd4 48. Kd3 Bf6 49. Bc6 Re3+ 50.
Kc4 Rc3+ 51. Kb5 Bd8 52. Be4 Rxb3+ 53. Ka6 Rb4 54. Rg2 Rb6+ 55. Kxa5 Rb2+ 56. Ka6 Rxg2 0-1

[Event "*** Titled Tuesday Blitz"]
[Site "Chess.com"]
[Date "2020.10.27"]
[Round "8"]
[White "Mimsychess"]
[Black "Chessdreamer2020"]
[Result "0-1"]
[WhiteElo "2329"]
[BlackElo "2467"]
[TimeControl "180+1"]
[EndTime "11:30:09 PDT"]
[Termination "Chessdreamer2020 won by resignation"]

1. e4 d6 2. d4 Nf6 3. Nc3 e5 4. Nf3 Nbd7 5. g4 g6 6. g5 Nh5 7.
Be3 Bg7 8. Qd2 c6 9. O-O-O O-O 10. Bh3 Nb6 11. Bxc8 Nc4 12. Qe2 Nxe3 13. fxe3 Qxc8 14.
d5 Qc7 15. Nh4 f6 16. dxc6 bxc6 17. Qc4+ Kh8 18. Nd5 Qb7 19. Nxf6 Nxf6 20. gxf6 Rxf6 21. Rd3 Bf8 22. Rb3 Qd7 23. Rf1 Be7 24. Rxf6 Bxf6 25.
Nf3 d5 26. exd5 cxd5 27. Qb5 Qe6 28. Qb7 Rd8 29. Qxa7 Qf5 30. Rb7 Qh3 31. Rf7 Qf1+ 32. Kd2 Qf2+ 33. Kc3 Rc8+ 34. Kb3 Qxc2+ 35. Ka3 Qd3+ 36. b3 g5 37. Rxf6 Qd1 38. Rf7 Qc1+ 39. Ka4 Qc6+ 40. Ka3 Qc1+ 41. Kb4 Qc3+ 42. Kb5 Qc6+ 43. Ka5 Ra8 44. Rxh7+ Kg8 45. Rg7+ Kf8 46. Rf7+ Ke8 47. Re7+ Kd8 48. Nxe5 Rxa7+ 49. Rxa7 Qc3+ 50.
Kb6 Qxe5 51. a4 Qxe3+ 52. Kb7 Qxb3+ 53. Kc6 Qc4+ 54. Kd6 Qb4+ 55. Kc6 Qc4+ 56. Kd6 Qc8 57. a5 Qb8+ 0-1

[Event "*** Titled Tuesday Blitz"]
[Site "Chess.com"]
[Date "2020.10.27"]
[Round "8"]
[White "PSvidler"]
[Black "Onischuk_V"]
[Result "0-1"]
[WhiteElo "2908"]
[BlackElo "2816"]
[TimeControl "180+1"]
[EndTime "11:30:10 PDT"]
[Termination "Onischuk_V won by resignation"]

1. Nf3 g6 2. e4 Bg7 3. d4 d6 4. Nc3 Nf6 5. Be2 O-O 6. O-O c6 7. Re1 Nbd7 8. e5 Ne8 9. Bf4 dxe5 10. dxe5 Nc7 11. Qc1 Ne6 12. Bh6 Qa5 13. Bxg7 Kxg7 14. Bc4 Nb6 15. Bb3 Bd7 16. h4 Rad8 17. h5 Bc8 18.
Qe3 Qc5 19. h6+ Kg8 20. Qe4 Nd4 21. Rad1 Bf5 22. Qf4 Nxf3+ 23. Qxf3 Rxd1 24. Nxd1 Bxc2 25. Nc3 Bxb3 26. axb3 Rd8 27. Re4 Nd5 28. Rc4 Qb6 29.
Ne4 Qa5 30. g3 Nc7 31. Ng5 Rf8 32. Rf4 Qd5 33. Qe3 Ne6 34. Nxe6 Qxe6 35. Qxa7 Qxb3 36.
Qc5 Qe6 37. Rb4 b5 38. Rd4 f6 39. exf6 Qxf6 40. Re4 Rf7 41. b4 Qd6 42. Qe3 Qf6 43. Re6 Qa1+ 44. Kg2 Qa2 45. Rxe7 Qd5+ 46. f3 Qa2+ 47.
Kh3 Rxe7 48. Qxe7 Qf7 49. Qd8+ Qf8 50. Qd2 Qf5+ 51. Kg2 Kf7 52. g4 Qd5 53. Qf4+ Ke6 54. Kg3 g5 55. Qe3+ Qe5+ 56. Kf2 Qxe3+ 57. Kxe3 Ke5 58. f4+ gxf4+ 59. Kf3 c5 60. bxc5 b4 61. Ke2 b3 62. Kd2 b2 63. Kc2 f3 64. g5 f2 65. g6 b1=Q+ 0-1

[Event "*** Titled Tuesday Blitz"]
[Site "Chess.com"]
[Date "2020.10.27"]
[Round "8"]
[White "ChessQueen"]
[Black "KuzubovYuriy"]
[Result "0-1"]
[WhiteElo "2735"]
[BlackElo "2886"]
[TimeControl "180+1"]
[EndTime "11:30:12 PDT"]
[Termination "KuzubovYuriy won by resignation"]

1. e4 e6 2. d4 d5 3. Nc3 Nc6 4. Nf3 Nf6 5. Bd3 Bb4 6. exd5 exd5 7. O-O Bg4 8. Re1+ Be7 9. Be3 O-O 10. h3 Bh5 11.
Bb5 Ne4 12. Bxc6 bxc6 13. Bf4 Bb4 14. Re3 Bxc3 15. bxc3 f6 16. c4 Rb8 17. cxd5 cxd5 18.
c4 Rb2 19. cxd5 Qxd5 20. Qc1 Rxf2 21. Rxe4 Rxg2+ 22. Kxg2 Qxe4 23. Qe3 Qc2+ 24. Qf2 Qf5 25. Qg3 Re8 26. Rf1 Qd5 27. Kg1 Qxa2 28. Bxc7 Qd5 29. Bf4 a5 30. Bh6 Bg6 31. Bc1 a4 32. Qf2 Be4 33. Re1 Rc8 34. Nd2 Bg6 35. Qe3 h5 36. Ba3 Re8 37. Qf2 Rxe1+ 38. Qxe1 Qxd4+ 39. Kh2 Qd3 40. Bb4 a3 41. Qe6+ Kh7 42. Qc4 Qxc4 43. Nxc4 a2 44. Bc3 h4 45. Ne3 Be4 46. Kg1 Kh6 47. Kf2 Kh5 48. Nc4 Bf5 49. Kg2 Be6 50.
Nd2 f5 51. Nf3 g5 52. Nd4 Bd5+ 53. Kf2 Kg6 54. Nc2 Be6 55. Nb4 f4 56. Nc6 Bxh3 57.
Ne5+ Kf5 58. Nf3 Kg6 59. Ne5+ Kh5 60. Nd7 Bxd7 0-1

[Event "*** Titled Tuesday Blitz"]
[Site "Chess.com"]
[Date "2020.10.27"]
[Round "8"]
[White "saraswathii"]
[Black "KaterynaLagno"]
[Result "0-1"]
[WhiteElo "2389"]
[BlackElo "2667"]
[TimeControl "180+1"]
[EndTime "11:30:13 PDT"]
[Termination "KaterynaLagno won by resignation"]

1. e4 e5 2. d3 Nc6 3. Nf3 g6 4. g3 Bg7 5. Bg2 Nge7 6. O-O O-O 7. c3 d6 8. Nbd2 h6 9. Nc4 Be6 10. Ne3 f5 11. exf5 gxf5 12. Nh4 f4 13. gxf4 exf4 14.
Nc4 d5 15. Nd2 Nf5 16. Nxf5 Bxf5 17. Qf3 Ne7 18. Nb3 Qd7 19. Bxf4 c6 20. Nc5 Qe8 21. Rae1 Qf7 22. Bd6 Rae8 23. Re3 b6 24. Na6 Qf6 25. Qg3 Bd7 26. Nc7 Nf5 27. Nxe8 Rxe8 28. Rxe8+ Bxe8 29. Qf4 Nxd6 30. Qxf6 Bxf6 31. Re1 Bd7 32. Bf3 Bf5 33. d4 Kf8 34. Kg2 a5 35. b3 Ne4 36. c4 Nd2 37.
cxd5 Nxf3 38. Kxf3 cxd5 39. Rc1 Bxd4 40. Rc6 Kg7 41. Kf4 Bb1 42. a3 Bxf2 43. b4 axb4 44.
axb4 d4 45. Rxb6 d3 46. Rd6 Be1 47. b5 Bb4 48. Rd7+ Kf6 49. b6 Bc5 50. b7 Ba7 51. Rd8 Bc2 52. b8=Q Bxb8+ 53. Rxb8 d2 54. Rb6+ Kg7 55.
Rd6 d1=Q 56. Rxd1 Bxd1 57. Kg3 Kg6 58. Kh4 Bc2 59. h3 Bf5 60. Kg3 Kh5 61. Kh2 Kh4 62. Kh1 Bxh3 0-1

[Event "*** Titled Tuesday Blitz"]
[Site "Chess.com"]
[Date "2020.10.27"]
[Round "8"]
[White "verdest"]
[Black "Khazieva_Elza"]
[Result "1-0"]
[WhiteElo "2628"]
[BlackElo "2476"]
[TimeControl "180+1"]
[EndTime "11:30:14 PDT"]
[Termination "verdest won by checkmate"]

1. d4 Nf6 2. c4 d6 3. Nf3 Bf5 4. g3 c6 5. Bg2 h6 6. O-O Nbd7 7. Nc3 e5 8. Re1 Be7 9. e4 Bh7 10. Nh4 O-O 11. Nf5 Bxf5 12. exf5 Re8 13. Be3 exd4 14.
Bxd4 Qa5 15. Qc2 Ne5 16. c5 Ned7 17. cxd6 Bxd6 18. Ne4 Be5 19. Nxf6+ Bxf6 20. Red1 Bxd4 21. Rxd4 Ne5 22. Qe4 Nc4 23. Qg4 Re1+ 24. Rxe1 Qxe1+ 25. Bf1 Nd2 26. Qe2 Qxf1+ 27. Qxf1 Nxf1 28. Kxf1 Kf8 29. Rd7 Rb8 30. Ke2 Ke8 31. Rc7 a5 32. Ke3 a4 33.
Ke4 Kf8 34. Ke5 Re8+ 35. Kd6 Rd8+ 36. Rd7 Rb8 37. Kc7 Re8 38. Rd2 Re5 39. Kxb7 Rxf5 40. Kxc6 Rh5 41. h4 Ra5 42. b4 axb3 43. axb3 Ke7 44. b4 Ra3 45. b5 Rc3+ 46. Kb7 Ke6 47. b6 Rb3 48. Ka7 Ra3+ 49. Kb8 Rb3 50. b7 Ke5 51. Rc2 Ke4 52. Kc8 g5 53. hxg5 hxg5 54.
b8=Q Rxb8+ 55. Kxb8 f5 56. Kc7 f4 57. gxf4 gxf4 58. Kd6 f3 59. Ke6 Kd3 60. Ra2 Ke4 61. Kf6 Kf4 62. Ra4# 1-0

[Event "*** Titled Tuesday Blitz"]
[Site "Chess.com"]
[Date "2020.10.27"]
[Round "8"]
[White "geordie_derraugh"]
[Black "politeplayer"]
[Result "1/2-1/2"]
[WhiteElo "2406"]
[BlackElo "2222"]
[TimeControl "180+1"]
[EndTime "11:30:15 PDT"]
[Termination "Game drawn by agreement"]

1. e4 c5 2. Nf3 d6 3. Bb5+ Nc6 4. Bxc6+ bxc6 5. O-O e5 6. c3 f5 7. exf5 Bxf5 8. d4 e4 9. Re1 Be7 10. Nfd2 Nf6 11.
dxc5 d5 12. b4 O-O 13. Nb3 Ng4 14. Be3 Bg5 15. Bxg5 Qxg5 16. Qd2 e3 17. fxe3 Ne5 18. Kh1 Nd3 19. e4 Qxd2 20. N1xd2 Nxe1 21. exf5 Rae8 22. Nd4 Nd3 23. g4 Nf2+ 24. Kg2 Nxg4 25. N2f3 Ne3+ 26. Kf2 Nxf5 27. Kg2 Nxd4 28. Nxd4 Re3 29. Nxc6 Rxc3 30. Ne7+ Kh8 31. Nxd5 Rc2+ 32. Kg3 Rd8 33. Re1 h6 34. Nf4 Rxa2 35. Rc1 Ra4 36. Rc4 a5 37. c6 Rxb4 38. c7 Rc8 39. Rc5 Rb7 40. Nd5 a4 41. Ra5 Rbxc7 42. Nxc7 Rxc7 43. Rxa4 Rc3+ 44. Kg4 Kh7 45. h4 Rd3 46. Ra6 Rd4+ 47. Kg3 Rc4 48. Ra5 g6 49. Ra7+ Kg8 50. Kh3 Rd4 51. Kg3 Re4 52. Ra6 Kg7 53.
Ra7+ Kf6 54. Rh7 h5 55. Ra7 Rg4+ 56. Kh3 Kf5 57. Ra5+ Kf6 58. Ra6+ Ke5 59. Ra8 g5 60. Re8+ Kf6 61. hxg5+ Rxg5 62. Rf8+ Kg7 63. Ra8 1/2-1/2

[Event "*** Titled Tuesday Blitz"]
[Site "Chess.com"]
[Date "2020.10.27"]
[Round "8"]
[White "mr65"]
[Black "davigator"]
[Result "0-1"]
[WhiteElo "2194"]
[BlackElo "2370"]
[TimeControl "180+1"]
[EndTime "11:30:15 PDT"]
[Termination "davigator won on time"]

1. e4 c5 2. Nf3 Nc6 3. d4 cxd4 4.
c3 Nf6 5. e5 Nd5 6. cxd4 d6 7.
exd6 Qxd6 8. Nc3 Bg4 9. Be2 e6 10. O-O Be7 11. h3 Bh5 12. Re1 O-O 13. Ne4 Qd8 14.
Ng3 Bg6 15. Ne5 Rc8 16. Nxc6 Rxc6 17. Bd2 Bc2 18. Qc1 Qb6 19. Bc3 Bg6 20. Bf3 Rd8 21. Bxd5 Rxd5 22. Qe3 h6 23. Ne2 Bg5 24. Qf3 Rf5 25. Qg3 Rc8 26. h4 Bf6 27. Rad1 Bh5 28. Qh3 Qa6 29. Ng3 Bxd1 30. Nxf5 Bc2 31. Ne3 Bg6 32.
a3 Qd3 33. Ng4 Qxh3 34. Nxf6+ gxf6 35. gxh3 Rd8 36. Kg2 Rd5 37. Kg3 h5 38. f4 Bf5 39.
Kf3 Kf8 40. Ke3 Bxh3 41. Rc1 Ke8 42. Bb4 Kd7 43. Bc5 b6 44. Bb4 Bg4 45. Bd2 Bf5 46.
Bc3 Rb5 47. Rg1 Bg4 48. Re1 Rd5 49. Rg1 Kd8 50. Re1 Rd7 51. Rg1 Rc7 52. Re1 Kd7 53.
Rg1 Kd6 54. Re1 Kd5 55. Rg1 a5 56. Re1 Ra7 57. Rg1 Bf5 58. Re1 b5 59. Rg1 Kc4 60. Rc1 Kb3 61. Rg1 b4 62. Bd2 Kxb2 63. axb4 a4 64.
b5 a3 0-1